 Dungeon Crawl Stone Soup version 0.23.2-33-g5129a83184 (webtiles) character file.

Game seed: 9299757538805088219

138737 kae the Phalangite (level 17, -5/128 HPs)
             Began as a Merfolk Gladiator on July 26, 2019.
             Was a High Priest of Okawaru.
             Killed from afar by a manticore (17 damage)
             ... with a volley of spikes
             ... on level 4 of the Shoals.
             The game lasted 01:02:50 (39243 turns).

kae the Phalangite (Merfolk Gladiator)             Turns: 39243, Time: 01:02:50

Health: -5/128     AC: 25    Str: 20    XL:     17   Next: 26%
Magic:  10/10      EV: 19    Int: 11    God:    Okawaru [*****.]
Gold:   2267       SH:  4    Dex: 19    Spells: 34/36 levels left

rFire    . . .     SeeInvis +   b - +9 glaive (antimagic)
rCold    . . .     Gourm    .   (shield currently unavailable)
rNeg     + . .     Faith    .   l - +5 chain mail {rC+}
rPois    .         Spirit   .   V - +2 hat {SInv}
rElec    +         Reflect  +   s - +2 cloak
rCorr    .         Harm     .   J - +2 pair of gloves {Dex+3}
MR       ++...                  (boots currently unavailable)
Stlth    ..........             g - +4 amulet of reflection
HPRegen  0.31/turn              R - ring "Xohos" {+Inv rElec rC- rN+ MR+}
MPRegen  0.12/turn              q - +3 ring of strength

@: barbed spikes, very quick
A: change form in water, swift swim, stealthy swim
a: Heroism, Finesse, Renounce Religion, Evoke Invisibility


You were on level 4 of the Shoals.
You worshipped Okawaru.
Okawaru was extremely pleased with you.
You were not hungry.

You visited 5 branches of the dungeon, and saw 28 of its levels.
You visited 1 bazaar.
You also visited: Ossuary, Bailey and Gauntlet.

You collected 2692 gold pieces.
You spent 425 gold pieces at shops.

Inventory:

Hand Weapons
 a - a +2 trident of freezing
 b - a +9 antimagic glaive (weapon)
Missiles
 d - 3 throwing nets (quivered)
Armour
 l - a +5 chain mail of cold resistance (worn)
 n - a +2 pair of boots of stealth (melded)
 s - a +2 cloak (worn)
 J - a +2 pair of gloves of dexterity (worn)
 L - the +1 pair of gloves of Esyule {rF+++ rC- rN++ MR-}
   (You bought it in a shop on level 2 of the Orcish Mines)

   It renders you almost immune to fire.
   It makes you vulnerable to cold.
   It greatly protects you from negative energy.
   It affects your resistance to hostile enchantments.
 V - a +2 hat of see invisible (worn)
Jewellery
 g - a +4 amulet of reflection (around neck)
 i - an uncursed ring of protection from magic
 q - a +3 ring of strength (right hand)
 B - an uncursed ring of positive energy
 C - an uncursed ring of resist corrosion
 I - an uncursed ring of positive energy
 N - the ring of Heimoup {rPois MR+ Str-4 Int+4}
   (You found it in a Gauntlet)

   [ring of protection from magic]

   It affects your strength (-4).
   It affects your intelligence (+4).
   It protects you from poison.
   It affects your resistance to hostile enchantments.
 R - the ring "Xohos" (left hand) {+Inv rElec rC- rN+ MR+}
   (You found it on level 3 of the Lair of Beasts)

   [ring of positive energy]

   It makes you vulnerable to cold.
   It insulates you from electricity.
   It protects you from negative energy.
   It affects your resistance to hostile enchantments.
   It lets you turn invisible.
 T - an uncursed ring of magical power
 U - a +3 ring of dexterity
 Z - an uncursed ring of protection from fire
Wands
 o - a wand of clouds (5)
 y - a wand of flame (10)
 K - a wand of iceblast (4)
 O - a wand of polymorph (15)
 P - a wand of disintegration (19)
 W - a wand of scattershot (5)
 X - a wand of random effects (26)
 Y - a wand of enslavement (7)
Scrolls
 c - 3 scrolls of holy word
 e - 2 scrolls of identify
 j - 18 scrolls of teleportation
 v - 12 scrolls of remove curse
 z - 2 scrolls of fog
 H - 4 scrolls of amnesia
 M - 2 scrolls of enchant weapon
Potions
 h - 8 potions of lignification
 k - a potion of resistance
 m - a potion of flight
 p - 7 potions of curing
 r - 8 potions of heal wounds
 t - a potion of invisibility
 u - 4 potions of mutation
 w - a potion of agility
 x - 3 potions of magic
 A - 2 potions of berserk rage
 E - 3 potions of ambrosia
 F - 4 potions of haste
 G - 2 potions of cancellation
 S - 3 potions of might
Comestibles
 f - 43 rations
 D - 4 chunks of flesh


   Skills:
 - Level 10.0 Fighting
 - Level 22.0 Polearms
 - Level 2.0 Throwing
 + Level 9.3 Armour
 - Level 12.0 Dodging
 - Level 10.0 Spellcasting
 - Level 7.0 Hexes
 + Level 10.9 Charms
 - Level 12.0 Invocations


You had 34 spell levels left.
You knew the following spells:

 Your Spells              Type           Power        Failure   Level  Hunger
a - Corona                Hex            ###....      5%          1    None
b - Infusion              Chrm           ####         1%          1    None

Your spell library contained the following spells:

 Spells                   Type           Power        Failure   Level  Hunger
 Song of Slaying          Chrm           ####....     1%          2    None
 Spectral Weapon          Hex/Chrm       ####....     7%          3    ##.....
 Shroud of Golubria       Chrm/Tloc      ###.......   16%         2    None
 Confuse                  Hex            ###.....     16%         3    ##.....
 Tukima's Dance           Hex            ###.....     16%         3    ##.....
 Regeneration             Chrm/Necr      ###.......   30%         3    ##.....
 Ensorcelled Hibernation  Hex/Ice        ##....       32%         2    None
 Dazzling Spray           Conj/Hex       ##....       54%         3    ##.....
 Portal Projectile        Hex/Tloc       ##....       54%         3    ##.....
 Sticks to Snakes         Tmut           #.......     80%         2    None
 Recall                   Summ/Tloc      N/A          95%         3    ##.....
 Silence                  Hex/Air        ##........   99%         5    #####..
 Animate Dead             Necr           N/A          100%        4    ####...
 Alistair's Intoxication  Tmut/Pois      #.......     100%        5    #####..
 Blade Hands              Tmut           #.........   100%        5    #####..
 Borgnjor's Vile Clutch   Necr/Erth      #.........   100%        5    #####..
 Irradiate                Conj/Tmut      #.........   100%        5    #####..
 Darkness                 Hex            ###.......   100%        6    #######
 Death Channel            Necr           #.........   100%        6    #######
 Hydra Form               Tmut           #.........   100%        6    #######
 Shadow Creatures         Summ           N/A          100%        6    #######
 Simulacrum               Ice/Necr       #.........   100%        6    #######
 Statue Form              Tmut/Erth      #........    100%        6    #######
 Dragon Form              Tmut           #.........   100%        7    #######
 Disjunction              Tloc           #.........   100%        8    #######


Dungeon Overview and Level Annotations

Branches:
Dungeon (15/15)            Temple (1/1) D:5            Lair (6/6) D:9
 Shoals (4/4) Lair:4       Spider (0/4) Lair:2          Orc (2/2) D:10
    Elf (0/3) Orc:2        Vaults (0/5) D:13         Depths (0/5) D:15
  Slime: Lair:5-6

Altars:
Ashenzari
Cheibriados
Dithmenos
Elyvilon
Fedhas
Gozag
Hepliaklqana
Kikubaaqudgha
Makhleb
Nemelex Xobeh
Okawaru
Qazlal
Ru
Sif Muna
Trog
Uskayaw
Vehumet
Wu Jian
Xom
Yredelemnul
Zin
The Shining One

Shops:
D:14 *   Orc:2 ?[[[***=   Shoals:4 (*

Annotations:
D:7 2 transporters, Frank's ghost, novice OpFi
Lair:6 exclusion: 4 oklob plants
Shoals:4 Aizul; Bai Suzhen


Message History

You reach to attack!
You closely miss the manticore.
The manticore is moderately wounded.
The manticore flicks its tail.
The volley of spikes hits you but does no damage.
Attack whom?
Press: ? - help, Dir - move target cursor, f/p - manticore
Aim: a manticore (water, moderately wounded)
You reach to attack!
You hit the manticore.
The manticore is moderately wounded.
The manticore flicks its tail.
The volley of spikes hits you but does no damage.
Attack whom?
Press: ? - help, Dir - move target cursor, f/p - manticore
Aim: a manticore (water, moderately wounded)
You reach to attack!
You slice the manticore!!
The manticore is severely wounded.
The manticore flicks its tail.
The volley of spikes hits you!
The barbed spikes become lodged in your body.
You die...

≈≈≈≈≈≈≈≈≈≈≈≈≈≈≈≈≈≈≈≈≈≈.≈(≈≈≈≈≈≈≈≈
≈≈≈≈≈≈≈≈≈≈≈≈≈≈≈≈≈≈≈≈≈≈(≈≈≈≈≈≈≈≈≈≈
≈≈≈≈≈≈≈≈≈≈≈≈≈≈≈≈≈≈≈≈≈≈(≈≈≈≈≈≈≈≈≈≈
≈≈≈≈≈≈≈≈≈≈≈≈≈≈≈≈≈≈≈≈≈≈≈≈≈≈≈≈≈≈≈≈≈
≈≈≈≈≈≈≈≈≈≈≈≈≈≈≈≈≈≈≈≈≈≈≈≈≈≈≈≈≈≈≈≈≈
≈≈≈≈≈≈≈≈≈≈≈≈≈≈≈≈≈≈≈≈≈≈≈≈≈≈≈≈≈≈≈≈≈
≈≈≈≈≈≈≈≈≈≈≈≈≈≈≈≈≈H≈≈≈≈≈≈≈≈≈≈≈≈≈≈≈
≈≈≈≈≈≈≈≈≈≈≈≈≈≈≈≈≈≈≈≈≈≈≈≈≈≈≈≈≈)≈≈≈
≈≈≈≈≈≈≈≈≈≈≈≈≈≈≈≈@≈≈≈≈≈≈≈≈≈≈≈≈≈≈≈≈
≈≈≈≈≈≈≈≈≈≈≈≈≈≈≈≈≈≈≈≈≈≈≈≈≈≈≈≈≈≈≈≈≈
≈≈≈≈≈≈≈≈≈≈≈≈≈≈≈≈≈≈≈≈≈≈≈≈≈≈≈≈≈≈≈≈≈
≈≈≈≈≈≈≈≈≈≈≈≈≈≈≈≈≈≈≈≈≈≈≈≈≈≈≈≈≈≈≈≈≈
≈≈≈≈≈≈###########################


You could see a manticore.

Vanquished Creatures
  The ghost of Curus the Severer, a journeyman MiBe of Trog (Orc:2)
  A dire elephant (D:15)
  A minotaur (Gauntlet)
  4 merfolk impalers
  Snorg (D:14)
  2 merfolk javelineers (Shoals:3)
  Josephine (Lair:4)
  Erolcha (D:10)
  4 vault guards (D:13)
  An ice dragon (D:13)
  9 hydras
  5 catoblepae
  3 merfolk avatars
  The ghost of Gwenloh the Envoy of Void, a journeyman DsAK of Lugonu (D:10)
  An ogre mage (D:15)
  3 centaur warriors
  2 satyrs
  7 two-headed ogres
  4 merfolk aquamancers
  4 death yaks (Lair:6)
  5 orc high priests
  4 skeletal warriors
  7 sea snakes
  3 unseen horrors
  4 harpies (Shoals:4)
  4 orc knights (Orc:2)
  An oklob plant (D:14)
  20 fauns
  A wolf spider zombie (D:14)
  5 orc sorcerers
  18 manticores
  15 ugly things
  A salamander (D:15)
  2 deep elf magi
  3 cyclopes
  8 centaur zombies
  Psyche (D:10)
  5 merfolk sirens
  3 black mambas
  5 water nymphs
  2 gargoyles
  9 spiny frogs
  A torpor snail (Lair:6)
  2 rime drakes
  The ghost of FlyingSalmon the Spear-Bearer, a novice MfGl of the Shining One (D:5)
  8 komodo dragons
  4 kobold demonologists
  2 efreet
  A tengu conjurer (D:14)
  7 trolls
  20 merfolk
  A queen bee (Orc:1)
  A polar bear (Lair:4)
  2 hornets
  2 slime creatures (D:15)
  The ghost of kae the Spear-Bearer, an amateur MfGl of Okawaru (D:4)
  A raiju (Gauntlet)
  8 snapping turtles
  3 blink frogs (Lair:1)
  7 hippogriffs
  10 dream sheep
  A meliai zombie (D:15)
  2 spriggans
  3 redbacks (Lair:2)
  15 water elementals
  2 wyverns
  58 yaks
  4 wraiths
  A vampire (D:11)
  3 basilisks
  A steam dragon (Gauntlet)
  2 hungry ghosts
  The ghost of Mlkhall the Stinger, an amateur DrVM (D:3)
  3 vampire mosquitoes (D:15)
  Menkaure (D:7)
  A warg (Orc:1)
  An acid dragon (D:13)
  2 swamp worms (Gauntlet)
  3 soldier ants
  8 water moccasins
  A hell hound (Gauntlet)
  9 porcupines
  2 sky beasts
  6 ice beasts
  35 orc warriors
  A phantom (D:13)
  A black bear (D:8)
  3 eyes of draining
  A necrophage (D:13)
  A hornet zombie (D:9)
  17 centaurs
  3 wolves (Lair:1)
  21 ogres
  9 crocodiles
  3 elf zombies (D:6)
  5 big kobolds
  2 elf skeletons (D:6)
  24 bullfrogs
  4 water moccasin zombies (Ossuary)
  A wyvern skeleton (D:13)
  5 scorpions
  24 killer bees
  32 wights
  3 howler monkeys
  11 crimson imps
  5 bullfrog zombies
  8 quasits
  8 hounds
  11 jellies
  3 centaur skeletons
  18 orc priests
  2 bullfrog skeletons
  A human skeleton (D:6)
  2 iguanas
  25 orc wizards
  7 worker ants
  4 big kobold zombies (Ossuary)
  2 hound skeletons
  2 mummies (Ossuary)
  A howler monkey skeleton (D:8)
  A gnoll (Bailey)
  A worker ant zombie (D:2)
  A howler monkey zombie (D:8)
  13 adders
  3 shadow imps
  3 oozes
  6 adder zombies
  An adder skeleton (D:5)
  3 worms
  A dart slug (D:3)
  2 leopard geckos
  105 orcs
  2 ball pythons
  8 giant cockroaches
  A gnoll zombie (Ossuary)
  7 goblins
  11 hobgoblins
  8 jackals
  31 kobolds
  5 quokkas
  9 bats
  4 frilled lizards
  4 hobgoblin zombies (Ossuary)
  A jackal skeleton (D:6)
  5 kobold zombies (Ossuary)
  A leopard gecko zombie (D:6)
  3 orc skeletons (D:6)
  3 orc zombies
  A quokka skeleton (D:6)
  A quokka zombie (D:6)
  10 rats
954 creatures vanquished.

Vanquished Creatures (others)
  A faun (Shoals:2)
  3 bushes (D:9)
  8 fungi
  35 plants
  2 withered plants (Gauntlet)
49 creatures vanquished.

Grand Total: 1003 creatures vanquished

Notes
Turn   | Place    | Note
-------+----------+-------------------------------------------
     0 | D:1      | kae the Merfolk Gladiator began the quest for the Orb.
     0 | D:1      | Reached XP level 1. HP: 16/16 MP: 1/1
   144 | D:1      | Reached skill level 5 in Polearms
   254 | D:1      | Reached XP level 2. HP: 22/22 MP: 2/2
   902 | D:2      | Reached skill level 6 in Polearms
   902 | D:2      | Reached XP level 3. HP: 24/27 MP: 3/3
   951 | D:2      | Found a blossoming altar of Fedhas.
  1140 | D:2      | Reached XP level 4. HP: 33/33 MP: 4/4
  1146 | D:2      | Reached skill level 7 in Polearms
  1246 | D:2      | Found a sacrificial altar of Ru.
  1451 | D:2      | Found an iron altar of Okawaru.
  1540 | D:2      | Became a worshipper of Warmaster Okawaru
  1632 | D:3      | Found a transporter.
  1738 | D:3      | Found a transporter.
  1822 | D:3      | Found a shadowy altar of Dithmenos.
  1862 | D:3      | Reached skill level 8 in Polearms
  1896 | D:3      | Reached XP level 5. HP: 38/38 MP: 5/5
  2226 | D:3      | Noticed Mlkhall's ghost (amateur DrVM)
  2560 | D:4      | Reached skill level 9 in Polearms
  2567 | D:4      | Reached XP level 6. HP: 39/44 MP: 6/6
  2575 | D:4      | Reached * piety under Okawaru
  2656 | D:4      | Found a runed translucent gate.
  2657 | D:4      | Found a runed translucent gate.
  2659 | D:4      | Found a runed translucent gate.
  2660 | D:4      | Found an opulent altar of Gozag.
  2663 | D:4      | Noticed kae's ghost (amateur MfGl)
  2669 | D:4      | Reached skill level 10 in Polearms
  2704 | D:4      | Found a hide-covered altar of Uskayaw.
  2976 | D:5      | Entered Level 5 of the Dungeon
  2976 | D:5      | Found a transporter.
  3001 | D:5      | Noticed an ice beast
  3030 | D:5      | Killed an ice beast
  3030 | D:5      | Reached skill level 11 in Polearms
  3030 | D:5      | Reached XP level 7. HP: 39/50 MP: 7/7
  3037 | D:5      | Found an ancient bone altar of Kikubaaqudgha.
  3059 | D:5      | Reached ** piety under Okawaru
  3095 | D:5      | Found a snail-covered altar of Cheibriados.
  3177 | D:5      | Noticed FlyingSalmon's ghost (novice MfGl)
  3188 | D:5      | Found a transporter.
  3268 | D:5      | Reached skill level 12 in Polearms
  3482 | D:5      | Reached XP level 8. HP: 56/56 MP: 8/8
  3511 | D:5      | Found a staircase to the Ecumenical Temple.
  3520 | D:5      | Reached skill level 13 in Polearms
  3537 | Temple   | Entered the Ecumenical Temple
  3903 | D:5      | Reached skill level 1 in Invocations
  3974 | D:5      | Found a shattered altar of Ashenzari.
  4241 | D:4      | Killed kae's ghost
  4241 | D:4      | Reached *** piety under Okawaru
  4394 | D:3      | Reached skill level 14 in Polearms
  4402 | D:3      | Killed Mlkhall's ghost
  4610 | D:5      | Killed FlyingSalmon's ghost
  4610 | D:5      | Reached XP level 9. HP: 45/61 MP: 8/12
  4611 | D:5      | Reached skill level 15 in Polearms
  4618 | D:5      | Reached **** piety under Okawaru
  4999 | D:6      | Reached skill level 5 in Invocations
  5395 | D:6      | Reached skill level 16 in Polearms
  5402 | D:6      | Found a sand-covered staircase.
  5445 | Ossuary  | Entered an ossuary
  6110 | D:6      | Reached XP level 10. HP: 64/67 MP: 11/14
  6416 | D:6      | Found an opulent altar of Gozag.
  6443 | D:6      | Reached skill level 17 in Polearms
  6562 | D:7      | Found a transporter.
  6562 | D:7      | Noticed Frank's ghost (novice OpFi)
  6567 | D:7      | Found a transporter.
  6574 | D:7      | Found a flagged portal.
  6579 | D:7      | Noticed Menkaure
  6883 | Bailey   | Entered a bailey
  7867 | D:7      | Killed Menkaure
  7867 | D:7      | Reached skill level 5 in Dodging
  8590 | D:8      | Reached ***** piety under Okawaru
  9009 | D:8      | Reached skill level 18 in Polearms
  9023 | D:8      | Found an ornate altar of the Wu Jian Council.
  9150 | D:8      | Found a hazy altar of Hepliaklqana.
  9363 | D:9      | Noticed a two-headed ogre
  9744 | D:9      | Found a bloodstained altar of Trog.
 10085 | D:9      | Reached XP level 11. HP: 54/78 MP: 16/16
 10191 | D:9      | Found a radiant altar of Vehumet.
 10370 | D:9      | Killed a two-headed ogre
 10535 | D:9      | Received a gift from Okawaru
 10535 | D:9      | Reached skill level 5 in Fighting
 10804 | D:9      | Found a staircase to the Lair.
 11176 | D:9      | Received a gift from Okawaru
 11188 | D:9      | Found a sparkling altar of Nemelex Xobeh.
 11380 | Lair:1   | Entered Level 1 of the Lair of Beasts
 11402 | Lair:1   | Reached skill level 19 in Polearms
 12004 | Lair:1   | Received a gift from Okawaru
 12017 | Lair:1   | Noticed a four-headed hydra
 12018 | Lair:1   | Noticed a six-headed hydra
 12332 | Lair:1   | Killed a four-headed hydra
 12605 | Lair:1   | Reached XP level 12. HP: 89/89 MP: 18/18
 12608 | Lair:1   | Learned a level 1 spell: Corona
 12955 | Lair:1   | Noticed an eight-headed hydra
 12967 | Lair:1   | Killed an eight-headed hydra
 12967 | Lair:1   | Reached skill level 1 in Hexes
 13232 | Lair:1   | Killed a six-headed hydra
 13497 | Lair:2   | Found a hole to the Spider Nest.
 14896 | Lair:3   | Received a gift from Okawaru
 15253 | Lair:3   | Reached skill level 20 in Polearms
 15286 | Lair:3   | Got a wavering turquoise ring
 15705 | Lair:4   | HP: 4/91 [black mamba (12)]
 15710 | Lair:3   | HP: 4/91 [poisoned by a black mamba]
 16037 | Lair:3   | Identified the ring "Xohos" {+Inv rElec rC- rN+ MR+} (You
                  | found it on level 3 of the Lair of Beasts)
 16821 | Lair:4   | Noticed a five-headed hydra
 16840 | Lair:4   | Killed a five-headed hydra
 16840 | Lair:4   | Reached skill level 10 in Invocations
 16935 | Lair:4   | Received a gift from Okawaru
 17453 | Lair:4   | Found a staircase to the Shoals.
 17521 | Lair:4   | Reached skill level 10 in Dodging
 17759 | Lair:4   | Noticed Josephine
 17787 | Lair:4   | Killed Josephine
 17787 | Lair:4   | Received a gift from Okawaru
 17787 | Lair:4   | Reached XP level 13. HP: 84/98 MP: 20/20
 18296 | Lair:5   | Found a gate leading to a gauntlet.
 18305 | Gauntlet | Entered a Gauntlet
 18305 | Gauntlet | Found a transporter.
 18305 | Gauntlet | Found a transporter.
 18672 | Gauntlet | Found a transporter.
 18676 | Gauntlet | Found a transporter.
 18684 | Gauntlet | Found a transporter.
 18688 | Gauntlet | Found a transporter.
 18696 | Gauntlet | Found a transporter.
 18715 | Gauntlet | Noticed a balrug
 18716 | Gauntlet | Found a transporter.
 18734 | Gauntlet | Found a transporter.
 18738 | Gauntlet | Found a transporter.
 18746 | Gauntlet | Found a transporter.
 18750 | Gauntlet | Found a transporter.
 19215 | Gauntlet | Reached skill level 21 in Polearms
 19257 | Gauntlet | Got a twitching iron ring
 19454 | Gauntlet | Identified the ring of Heimoup {rPois MR+ Str-4 Int+4} (You
                  | found it in a Gauntlet)
 19477 | Gauntlet | Noticed a minotaur
 19513 | Gauntlet | Killed a minotaur
 19521 | Gauntlet | Identified Lediptoo's Compendium of Transformation
 20683 | Lair:6   | Entered Level 6 of the Lair of Beasts
 20758 | Lair:5   | Reached skill level 5 in Hexes
 21948 | Lair:6   | Reached skill level 1 in Armour
 22268 | Lair:6   | Received a gift from Okawaru
 22554 | Lair:6   | Reached XP level 14. HP: 98/108 MP: 7/22
 23080 | D:10     | Entered Level 10 of the Dungeon
 23089 | D:10     | Noticed Gwenloh's ghost (journeyman DsAK)
 23094 | D:10     | Found a runed translucent door.
 23277 | D:10     | Noticed Erolcha
 23284 | D:10     | Killed Erolcha
 23308 | D:10     | Reached skill level 22 in Polearms
 23398 | D:10     | Found a staircase to the Orcish Mines.
 23546 | D:10     | Noticed Psyche
 23554 | D:10     | Killed Psyche
 24130 | D:11     | Received a gift from Okawaru
 24694 | D:10     | Killed Gwenloh's ghost
 26037 | D:13     | Reached skill level 10 in Fighting
 26608 | D:13     | Found a white marble altar of Elyvilon.
 26849 | D:13     | Reached skill level 5 in Armour
 26861 | D:13     | Reached skill level 1 in Spellcasting
 27206 | D:13     | Found a gate to the Vaults.
 27410 | D:13     | Reached XP level 15. HP: 79/115 MP: 8/24
 27739 | Orc:1    | Entered Level 1 of the Orcish Mines
 27859 | Orc:1    | Reached skill level 5 in Spellcasting
 28435 | Orc:2    | Entered Level 2 of the Orcish Mines
 28435 | Orc:2    | Found Rutaw's Antique Armour Shoppe.
 28435 | Orc:2    | Found a staircase to the Elven Halls.
 28454 | Orc:2    | Received a gift from Okawaru
 29102 | Orc:2    | Found Ucsiagiu's Antique Armour Boutique.
 29138 | Orc:2    | Found Wesmooc's Armour Boutique.
 29622 | Orc:2    | Found Lypek's General Store.
 29622 | Orc:2    | Found Nas Guu's Jewellery Shoppe.
 29624 | Orc:2    | Found Ysant's Assorted Antiques.
 29624 | Orc:2    | Found Kekloax's General Store.
 29632 | Orc:2    | Bought a pair of pitted gloves for 285 gold pieces
 29633 | Orc:2    | Bought a scroll of identify for 28 gold pieces
 29635 | Orc:2    | Bought a cursed -2 ring of protection for 32 gold pieces
 29668 | Orc:2    | Found a transporter.
 29669 | Orc:2    | Noticed Curus's ghost (journeyman MiBe)
 29673 | Orc:2    | Found a transporter.
 29850 | Orc:2    | Found Cuogiun's Magic Scroll Emporium.
 30104 | Orc:2    | Killed Curus's ghost
 30441 | Orc:2    | Identified the +1 pair of gloves of Esyule {rF+++ rC- rN++
                  | MR-} (You bought it in a shop on level 2 of the Orcish
                  | Mines)
 30980 | D:14     | Identified the Catalogue of Quantum Bewitchment
 31394 | D:14     | Found Vuovin's Assorted Antiques.
 31395 | D:14     | Found a snail-covered altar of Cheibriados.
 31427 | D:14     | Learned a level 1 spell: Infusion
 31550 | D:14     | Found a glowing silver altar of Zin.
 31550 | D:14     | Noticed an angel
 31620 | D:14     | Noticed Snorg
 31634 | D:14     | Killed Snorg
 31705 | D:14     | Reached skill level 10 in Spellcasting
 31967 | D:14     | Reached skill level 1 in Charms
 32026 | D:15     | Entered Level 15 of the Dungeon
 32027 | D:15     | Identified a scroll of acquirement
 32081 | D:15     | Found a staircase to the Depths.
 32811 | D:15     | Reached ****** piety under Okawaru
 32811 | D:15     | Received a gift from Okawaru
 33143 | D:15     | Reached XP level 16. HP: 110/122 MP: 10/30
 33227 | D:15     | Reached skill level 5 in Charms
 34191 | Shoals:1 | Entered Level 1 of the Shoals
 35222 | Shoals:1 | Received a gift from Okawaru
 37512 | Shoals:3 | Received a gift from Okawaru
 37823 | Shoals:3 | Reached XP level 17. HP: 52/128 MP: 9/31
 38300 | Shoals:3 | Reached skill level 10 in Charms
 38326 | Shoals:4 | Entered Level 4 of the Shoals
 38326 | Shoals:4 | Noticed Bai Suzhen
 38327 | Shoals:4 | Noticed Aizul
 38388 | Shoals:4 | Found Zentagyf's Weapon Emporium.
 38523 | Shoals:4 | Found a flickering gateway to a bazaar.
 38528 | Bazaar   | Entered a bazaar
 38528 | Bazaar   | Found Lowyrul's Armour Boutique.
 38528 | Bazaar   | Found Hailurph's Antique Weapon Shop.
 38528 | Bazaar   | Found Etoman's Armour Shop.
 38883 | Shoals:4 | Found Kebuewas's General Store.
 38896 | Shoals:4 | Bought a potion of heal wounds for 80 gold pieces
 39243 | Shoals:4 | Killed from afar by a manticore

Skill      XL: |  1  2  3  4  5  6  7  8  9 10 11 12 13 14 15 16 17 |
---------------+----------------------------------------------------+-----
Polearms       | 5 6 8 9 11 12 14 16 18 19 20 21 22 | 22.0
Invocations    | 4 6 7 9 10 11 12 | 12.0
Fighting       | 4 6 8 9 10 | 10.0
Dodging        | 6 8 10 11 12 | 12.0
Hexes          | 4 5 7 |  7.0
Armour         | 1 5 8 9 |  9.3
Spellcasting   | 4 10 | 10.0
Charms         | 4 9 10 | 10.9
Throwing       | |  2.0

Action                   |  1- 3 |  4- 6 |  7- 9 | 10-12 | 13-15 | 16-18 || total
-------------------------+-------+-------+-------+-------+-------+-------++-------
Melee: Trident           |    80 |   194 |   568 |  1259 |   396 |       ||  2497
       Punch             |       |       |     7 |    12 |     7 |       ||    26
       Tailslap          |       |       |       |    17 |     5 |    48 ||    70
       Glaive            |       |       |       |       |  1195 |   666 ||  1861
 Cast: Corona            |       |       |       |     1 |    14 |     4 ||    19
Invok: Heroism           |       |       |    10 |    39 |    39 |    18 ||   106
       Finesse           |       |       |       |       |     1 |       ||     1
Evoke: Wand              |       |       |       |    10 |     1 |     5 ||    16
  Use: Scroll            |       |     9 |    12 |    12 |    30 |     6 ||    69
       Potion            |       |       |     4 |     7 |     5 |     2 ||    18
 Stab: Sleeping          |     1 |       |       |       |       |       ||     1
       Invisible         |       |       |       |       |     8 |       ||     8
       Distracted        |       |       |       |       |     1 |       ||     1
  Eat: Chunk             |     1 |     6 |    10 |    28 |    41 |    15 ||   101
       Ration            |       |       |       |     3 |     3 |     1 ||     7
Armor: Leather armour    |    18 |     2 |       |       |       |       ||    20
       Chain mail        |       |    58 |   147 |   306 |   415 |   197 ||  1123
       Skin              |       |       |   192 |     3 |       |       ||   195
Dodge: Dodged            |    46 |    34 |   119 |   476 |   764 |   440 ||  1879
Block: Other             |       |       |       |    40 |   152 |    71 ||   263
       Reflection        |       |       |       |       |    13 |    15 ||    28
